 Dungeon Crawl Stone Soup version 0.32-a0-918-g0f22ef8d61 (webtiles) character file.

Game seed: 786974322619436026

179 Loefaen the Apothecary (level 5, -2/35 HPs)
             Began as a Merfolk Alchemist on Apr 8, 2024.
             Slain by an orc priest
             ... wielding a +0 mace
              (5 damage)
             ... on level 3 of the Dungeon on Apr 10, 2024.
             The game lasted 01:21:37 (7910 turns).

Loefaen the Apothecary (Merfolk Alchemist)          Turns: 7910, Time: 01:21:38

Health: -2/35      AC:  5    Str:  9    XL:     5   Next: 59%
Magic:  7/9        EV: 12    Int: 16    God:
Gold:   140        SH:  0    Dex: 14    Spells: 5/10 levels left

rFire   . . .        v - +0 rapier (holy)
rCold   . . .        (no shield)
rNeg    . . .        a - +0 robe
rPois   .            (no helmet)
rElec   .            (no cloak)
rCorr   .            (no gloves)
SInv    +            r - +2 pair of boots {rampage}
Will    .....        (no amulet)
Stlth   ++           l - ring of see invisible
HPRegen 0.25/turn    (no ring)
MPRegen 0.11/turn

%: rampage
@: no status effects
A: (nimble swimmer 2), mertail
a: Convert to Beogh


You were on level 3 of the Dungeon.
You visited 1 branch of the dungeon, and saw 4 of its levels.

You collected 184 gold pieces.
You spent 44 gold pieces at shops.

Inventory:

Hand Weapons
 f - a +0 dagger
 v - a +0 rapier of holy wrath (weapon)
Missiles
 h - a throwing net
 o - 4 curare-tipped darts
 z - 6 poisoned darts (quivered)
Armour
 a - a +0 robe (worn)
 c - a +0 plate armour
 k - a +0 ring mail
 r - a +2 pair of boots of rampaging (worn)
 x - a +0 chain mail
Jewellery
 l - a ring of see invisible (left hand)
Wands
 y - a wand of digging (6)
Scrolls
 e - 3 scrolls of poison
 m - a scroll of enchant weapon {unknown}
 n - 2 scrolls of identify {unknown}
 s - a scroll of enchant armour {unknown}
 t - a scroll of amnesia {unknown}
 u - a scroll of brand weapon {unknown}
 w - a scroll of noise {unknown}
 B - 2 scrolls of teleportation {unknown}
Potions
 b - a potion of magic
 d - a potion of degeneration {unknown}
 g - a potion of haste {unknown}
 i - a potion of lignification {unknown}
 j - 2 potions of curing {unknown}
 p - a potion of brilliance {unknown}
 q - 2 potions of attraction {unknown}
 A - a potion of heal wounds {unknown}
 C - a potion of ambrosia {unknown}


   Skills:
 + Level 0.9 Short Blades
 + Level 0.1 Throwing
 + Level 3.0 Dodging
 + Level 3.1 Stealth
 + Level 3.3 Spellcasting
 + Level 1.2 Conjurations
 + Level 1.1 Hexes
 + Level 1.0 Air Magic
 + Level 5.1 Alchemy


You had 5 spell levels left.
You knew the following spells:

 Your Spells              Type           Power      Damage    Failure   Level
a - Sting                 Conj/Alch      48%        1d6       4%          1
b - Mercury Vapours       Alch/Air       24%        N/A       8%          2
c - Slow                  Hex            24%        N/A       11%         1
d - Magic Dart            Conj           24%        1d4       11%         1

Your spell library contained the following spells:

 Spells                   Type           Power      Damage    Failure   Level
 Mephitic Cloud           Conj/Alch/Air  10%        N/A       21%         3
 Olgreb's Toxic Radiance  Alch           18%        N/A       22%         4
 Blink                    Tloc           4%         N/A       28%         2
 Call Imp                 Summ           4%         N/A       28%         2
 Confusing Touch          Hex            6%         N/A       32%         3
 Vampiric Draining        Necr           2%         2d6       50%         3
 Sticky Flame             Fire/Alch      10%        2d5       54%         4


Dungeon Overview and Level Annotations

Branches:
Dungeon (4/15)
 Temple: D:4-7

Altars:
Dithmenos

Shops:
D:3 ?


Innate Abilities, Weirdness & Mutations

((You are very nimble when in or above water. (Stealth+, EV+, Speed+++)))
Your lower body shifts to a powerful aquatic tail in water.


Message History

The orc priest is healed somewhat.
The orc priest hits you with a +0 mace.
The orc priest shouts, "The Pantheon deserves no one's loyalty.
Let us show you the true path!" The orc priest hits you with a +0 mace.
The orc shouts!
The orc priest is no longer weakened.
The orc priest calls down the wrath of Beogh upon you.
You barely resist.
The orc priest miscasts a cantrip.
You climb upwards.
There is a stone staircase leading down here.
Magic courses through your body.
The orc priest mumbles some strange prayers to Beogh against you.
Beogh smites you!
* * * LOW HITPOINT WARNING * * *
Casting: Sting (safe; 4% risk of failure)
Confirm with . or Enter, or press ? or * to list all spells.
Aiming: Sting (safe; 4% risk of failure)
Press: ? - help, Shift-Dir - straight line, f - orc priest
Aim: an orc priest, wielding a +0 mace (lightly wounded, poisoned, 71% to hit)
The sting misses the orc priest.
The orc priest shouts, "Beogh offers mercy even to people such as you.
Join us and be reborn!"
The orc priest hits you with a +0 mace.
* * * LOW HITPOINT WARNING * * *
Casting: Sting (safe; 4% risk of failure)
Confirm with . or Enter, or press ? or * to list all spells.
Aiming: Sting (safe; 4% risk of failure)
Press: ? - help, Shift-Dir - straight line, f/p - orc priest
Aim: an orc priest, wielding a +0 mace (moderately wounded, poisoned, 71% to hit)
The sting hits the orc priest.
The orc priest looks even sicker.
The orc priest is severely wounded.
The orc priest barely misses you.
Casting: Sting (safe; 4% risk of failure)
Confirm with . or Enter, or press ? or * to list all spells.
Aiming: Sting (safe; 4% risk of failure)
Press: ? - help, Shift-Dir - straight line, f/p - orc priest
Aim: an orc priest, wielding a +0 mace (severely wounded, very poisoned, 71% to hit)
The sting hits the orc priest.
The orc priest looks even sicker.
The orc priest is severely wounded.
The orc priest hits you with a +0 mace.
You die...

.###.....# #.#.##...#
##.####### ##^# .#.#
.#.# .#.#
.#.##################
...##...........@...#
.####.#.#..####o###.####
.# #..###.####.# #....#
## #.## ##...#.###.##.#
#..###..........##.#
#...#.##......#.#...####
#....#.....##.#.#......#
#####.##.#..#.....#.#
g.##.#
............#.......#
####.#


You could see an orc priest (very poisoned).

Vanquished Creatures
  An iguana (D:3)
  An orc wizard (D:4)
  A gnoll (D:2)
  5 adders
  3 dart slugs
  A ribbon worm (D:2)
  2 ball pythons
  5 endoplasms
  6 giant cockroaches
  9 goblins
  3 hobgoblins
  7 jackals
  4 quokkas
  5 bats
  A frilled lizard (D:1)
  6 kobolds
  A rat (D:1)
61 creatures vanquished.

Notes
Turn   | Place    | Note
-------+----------+-------------------------------------------
     0 | D:1      | Loefaen the Merfolk Alchemist began the quest for the Orb.
     0 | D:1      | Reached XP level 1. HP: 13/13 MP: 3/3
   899 | D:1      | Reached XP level 2. HP: 19/19 MP: 0/5
   934 | D:1      | Learned a level 2 spell: Mercury Vapours
  2512 | D:1      | Reached XP level 3. HP: 22/24 MP: 1/6
  4195 | D:2      | Found a shadowy altar of Dithmenos.
  4289 | D:2      | HP: 1/24 [ribbon worm (7)]
  4691 | D:2      | Reached XP level 4. HP: 30/30 MP: 3/8
  4808 | D:2      | Learned a level 1 spell: Slow
  5147 | D:2      | HP: 1/30 [gnoll/+0 halberd (4)]
  5153 | D:2      | Reached skill level 1 in Conjurations
  6030 | D:3      | Reached skill level 1 in Air Magic
  6205 | D:3      | Reached skill level 5 in Alchemy
  6205 | D:3      | Reached XP level 5. HP: 35/35 MP: 2/9
  6739 | D:3      | Found Gorghyam's Magic Scroll Shoppe.
  6749 | D:3      | Learned a level 1 spell: Magic Dart
  6844 | D:3      | Bought a scroll of poison for 44 gold pieces
  7663 | D:4      | Upgraded the game from 0.32-a0-913-g739538afd8 to
                  | 0.32-a0-918-g0f22ef8d61
  7895 | D:4      | Reached skill level 1 in Hexes
  7910 | D:3      | Slain by an orc priest

Illustrated notes

Levels and vault maps discovered:
D:1:      beargit_arrival_diablo_church, layout_basic, minmay_vboxes
D:2:      layout_basic, basic_altar
D:3:      layout_loops_cross, serial_shops, shop
D:4:      layout_loops_ring, minmay_temple_entry_butterflies

Skill      XL: |  1  2  3  4  5 |
---------------+----------------+-----
Dodging        | 3 |  3.0
Spellcasting   | 3 |  3.3
Conjurations   | 1 |  1.2
Air Magic      | 1 |  1.0
Alchemy        | 5 |  5.1
Stealth        | 3 |  3.1
Hexes          | 1 |  1.1
Short Blades   | |  0.9
Throwing       | |  0.1

Action                     |  1- 3 |  4- 6 || total
---------------------------+-------+-------++-------
  Melee: Unarmed           |    17 |       ||    17
         Dagger            |    28 |     2 ||    30
         Rapier            |       |    17 ||    17
  Throw: Dart              |     1 |     2 ||     3
   Cast: Sting             |    58 |    42 ||   100
         Mercury Vapours   |    17 |    15 ||    32
         Slow              |       |    22 ||    22
         Magic Dart        |       |     4 ||     4
    Use: Potion            |     1 |     1 ||     2
   Stab: Sleeping          |     3 |     3 ||     6
 Armour: Robe              |    27 |    35 ||    62
  Dodge: Dodged            |    54 |    36 ||    90

Table legend: (Time is in decaauts)
 A = Elapsed time spent in this place.
 B = Non-inter-level travel time spent in this place.
 C = Inter-level travel time spent in this place.
 D = Time resting spent in this place.
 E = Time spent auto-exploring this place.
 F = Levels seen in this place.
 G = Mean time per level.
                   A        B        C        D        E       F      G
               +--------+--------+--------+--------+--------+-----+--------+
         Total |   7911 |   7911 |      0 |   1537 |    254 |   4 | 1977.8 |
       Dungeon |   7911 |   7911 |      0 |   1537 |    254 |   4 | 1977.8 |
               +--------+--------+--------+--------+--------+-----+--------+

Top non-repeatable levels by time:
     D:1: 3857 daAuts
     D:3: 2157 daAuts
     D:2: 1651 daAuts
     D:4: 244 daAuts
